woodfighter, chaotic female human Monk ------- |<....| ##.....[| ------------- # -+----- |`...[.....`| ### |.....`...@.| # |...-----NZ[|# ### |.. |.{..S..|% # ... |{.{|`..S###################### |. |.{ |..)|% # # |. -----[..|## |.....`.....| . |`.........`| ------------- woodfighter the Novice Experience level: 5 Strength: 15 Dexterity: 13 Constitution: 11 Intelligence: 9 Wisdom: 16 Charisma: 13 Health: 0(50) Energy: 51(51) Def: 6 Gold: 419 Moves: 1595 Dungeon seed: 2yRntHWyaR7h25Gr Game ID: woodfighter_1599247619 Your Inventory: Coins $ - 419 gold pieces Armor e - an uncursed +2 pair of leather gloves (being worn) n - an uncursed +1 robe y - an uncursed +0 cloak of invisibility z - an uncursed +0 cloak of protection (being worn) I - an uncursed +0 orcish helm J - an uncursed +0 orcish chain mail of fumbling K - an uncursed +0 orcish helm Y - an uncursed +1 orcish helm Comestibles d - 5 uncursed food rations h - 4 uncursed fortune cookies Scrolls b - an uncursed scroll of recall j - an uncursed scroll of enchant weapon o - an uncursed scroll of gold detection w - an uncursed scroll of identify x - an uncursed scroll of magic mapping G - 2 uncursed scrolls of blank paper H - a cursed scroll of blank paper Spellbooks F - an uncursed spellbook of extra healing Potions c - 3 uncursed potions of healing k - an uncursed potion of sickness l - 2 uncursed potions of speed p - an uncursed potion of confusion r - an uncursed potion of paralysis Tools i - an uncursed oil lamp (0:1011) L - an uncursed lock pick Gems q - 2 uncursed worthless pieces of yellow glass N - an uncursed worthless piece of white glass Spells and supernatural/magical abilities: Name Level Category Cost Memory h - healing 1 healing 5pw 98% W - pray for help -- divine ? -- Your skills at the end: Fighting Skills martial arts [Basic] wands [Basic] Weapon Skills Spellcasting Skills healing spells [Basic] Final Attributes: You were piously aligned. You were immune to sleep. You were poison resistant. You saw invisible. You were stealthy. You were protected. You were fast. You were lucky. Huan Ti was noncommittal. You are dead. Vanquished creatures: a gnome mummy 2 Mordor orcs a guardian naga hatchling a paper golem a little dog 4 hill orcs 3 orc zombies 2 iguanas 3 acid blobs 4 giant rats a red mold 8 garter snakes a gecko a goblin a sewer rat 9 grid bugs 2 bats a lichen a newt 47 creatures vanquished. Voluntary challenges: You followed a strict vegan diet. You never hit with a wielded weapon. You were illiterate. You never genocided any monsters. You never polymorphed an object. You never changed form. You used no wishes. You never split a pudding. You never wrote Elbereth's name. You never violated your personal moral code. Dungeon overview: The Dungeons of Doom: levels 1 to 6 Level 1 (vault) some fountains, a sink, a vault a long staircase Level 2 (boxes) a potion shop, a fountain Level 3 an armor shop, an altar to Huan Ti, a fountain Level 4 stairs to The Gnomish Mines Level 5 an altar to Huan Ti, a vault Level 6 <- You were here many fountains The Gnomish Mines: Level 5 stairs to The Dungeons of Doom History has recorded: On T:1 you entered the Dungeons of Doom to retrieve the Amulet of Yendor! On T:102 you reached level 2 of The Dungeons of Doom. On T:428 you reached level 3 of The Dungeons of Doom. On T:722 you reached level 4 of The Dungeons of Doom. On T:770 you advanced to experience level 2. On T:988 you reached level 1 of The Gnomish Mines. On T:1026 you advanced to experience level 3. On T:1139 you reached level 5 of The Dungeons of Doom. On T:1316 you reached level 6 of The Dungeons of Doom. On T:1384 you advanced to experience level 4. On T:1556 you advanced to experience level 5. Score breakdown: Gold: 419 ( 8923 points) Experience: 5 levels (11141 points) Exploration: 6 levels ( 11.76%) ( 9486 points) Discoveries: 3 items ( 1.06%) ( 3083 points) Valuables value: (no points given unless you survive) Artifact value: 0 ( 0 points) Variety of kills: 19 monsters ( 5.00%) ( 6708 points) Turncount: 1595 turns ( 0 points) Survival: died (score multiplied by 80%) Total score: 31472 Latest messages: You attain a minor zombification disease. The gnome mummy hits! You hit the gnome mummy! The gnome mummy misses. You feel more confident in your fighting skills. You hit the orc zombie! The enslaved guardian naga hatchling bites! The gnome mummy misses. You destroy the orc zombie! You miss the enslaved guardian naga hatchling. The enslaved guardian naga hatchling misses. The gnome mummy hits! You hit the gnome mummy! The enslaved guardian naga hatchling bites! The gnome mummy hits! You destroy the gnome mummy! The enslaved guardian naga hatchling bites! You hit the enslaved guardian naga hatchling! The enslaved guardian naga hatchling bites! The elf zombie hits! Your zombification disease builds up. You miss the enslaved guardian naga hatchling. The enslaved guardian naga hatchling bites! The elf zombie hits! Your zombification disease builds up. You die... Your body rises from the dead as a human zombie... Final status: Goodbye woodfighter the Monk, killed by an elf zombie... You died in The Dungeons of Doom on dungeon level 6 with 31472 points, and 419 pieces of gold, after 1595 moves. You were level 5 with a maximum of 50 hit points when you died.